Little Stars vs Wolves
Created - 15 mars 2013 at 23:17
Goals
|
| Little Stars |
1 |
1 |
1 |
3 |
| Wolves |
1 |
1 |
0 |
2 |
|
Shots
|
| Little Stars |
12 |
10 |
4 |
26 |
| Wolves |
17 |
8 |
11 |
36 |
|
1st period
1. Little Stars , Jack Skille 16 (Patrick O'Sullivan, Greg Stewart) at 7:53
2. Wolves , Milan Bartovic 9 (Nathan Davis) at 18:31
Penalties :
Marc Methot (Min) for Tripping (Minor) at 13:23, Matt Pelech (Tex) for Holding (Minor) at 13:23
2nd period
3. Little Stars , Matt Pelech 1 (Cody Bass, Jonathan Blum) at 6:52
4. Wolves , Vyacheslav Kozlov 26 (Alexander Perezhogin) at 9:05
Penalties :
Boris Valabik (Tex) for Tripping (Minor) at 0:30
3rd period
5. Little Stars , Troy Bodie 2 (Krys Kolanos, Tim Ramholt) at 6:20 (PP)
Penalties :
Petr Kalus (Min) for Slashing (Minor) at 5:47, Greg Stewart (Tex) for Roughing (Minor) at 7:53, Greg Stewart (Tex) for High sticking (Minor) at 10:00
Goalie Stats
Philippe Sauvé (Tex), 34 saves from 36 shots - (0,944), W, 12-8-3, 60:00 minutes
Julien Ellis (Min), 23 saves from 26 shots - (0,885), L, 17-18-2, 59:25 minutes
Players Stats for Little Stars
Player Name G A P +/- PIM S H SB GA TA FO MP PP MP PK MP
------------------------------------------------------------------------------------
Boris Valabik 0 0 0 0 2 1 3 0 2 1 0/0 27:43 0:33 1:57
Brad Isbister 0 0 0 0 0 1 0 0 0 0 1/1 10:09 0:00 2:17
Clay Wilson 0 0 0 -1 0 2 1 1 1 0 0/0 18:44 0:00 3:03
Cody Bass 0 1 1 1 0 1 2 0 1 1 0/3 15:12 0:00 1:46
Greg Stewart 0 1 1 0 4 2 3 0 0 0 1/1 20:48 0:19 0:50
Hugh Jessiman 0 0 0 -1 0 1 2 0 0 0 0/1 13:47 0:00 0:00
Jack Skille 1 0 1 0 0 2 0 0 1 1 1/2 18:01 0:19 0:00
Jonathan Blum 0 1 1 1 0 1 0 0 0 0 0/0 12:49 0:00 0:18
Krys Kolanos 0 1 1 -1 0 1 1 1 0 0 9/22 17:33 0:14 2:54
Matt D'Agostini 0 0 0 1 0 1 1 0 2 0 0/0 12:35 0:00 0:00
Matt Pelech 1 0 1 1 2 1 0 0 0 0 0/0 13:17 0:00 1:02
Oskar Osala 0 0 0 1 0 5 0 0 1 0 0/0 13:41 0:00 0:38
Patrick O'Sullivan 0 1 1 0 0 0 2 1 1 0 14/36 20:05 0:19 1:17
Steve Regier 0 0 0 -1 0 1 0 0 0 1 1/1 15:49 0:14 2:12
Tim Ramholt 0 1 1 0 0 4 3 0 0 1 0/0 27:59 0:33 3:08
Troy Bodie 1 0 1 0 0 2 0 0 0 0 0/0 7:35 0:14 0:00
Tyler Eckford 0 0 0 -1 0 0 1 1 0 0 0/0 18:18 0:00 2:26
Yanick Lehoux 0 0 0 0 0 0 1 1 0 0 1/1 7:15 0:00 0:00
Players Stats for Wolves
Player Name G A P +/- PIM S H SB GA TA FO MP PP MP PK MP
------------------------------------------------------------------------------------
Alexander Perezhogin 0 1 1 0 0 3 2 0 3 0 0/1 21:45 2:54 0:00
Bruno Gervais 0 0 0 0 0 0 0 0 0 3 0/0 20:54 2:38 0:33
Chris Neil 0 0 0 0 0 4 3 0 2 1 1/3 16:39 2:45 0:33
Ethan Moreau 0 0 0 1 0 1 0 0 0 0 0/0 12:57 0:18 0:33
Geoff Paukovich 0 0 0 -1 0 0 2 0 0 0 0/0 8:13 0:00 0:00
Geoff Sanderson 0 0 0 0 0 2 1 0 0 0 0/0 16:43 2:45 0:00
Jonas Junland 0 0 0 0 0 0 0 3 0 0 0/0 13:04 0:00 0:00
Marc Methot 0 0 0 0 2 1 1 2 0 1 0/0 13:03 0:00 0:00
Matt Gilroy 0 0 0 0 0 1 0 2 0 0 0/0 20:54 2:38 0:33
Mike Zigomanis 0 0 0 0 0 0 1 1 0 0 13/22 16:25 2:45 0:00
Milan Bartovic 1 0 1 1 0 3 2 0 0 0 0/1 12:06 0:18 0:00
Nathan Davis 0 1 1 1 0 0 1 1 0 0 4/7 12:06 0:18 0:00
Petr Kalus 0 0 0 -1 2 0 0 0 0 0 1/1 8:12 0:00 0:00
Philippe Boucher 0 0 0 0 0 1 2 1 0 0 0/0 26:02 3:19 0:00
Rich Peverley 0 0 0 0 0 5 3 0 0 1 19/30 22:06 2:54 0:00
Tim Crowder 0 0 0 -1 0 0 1 1 0 0 0/0 8:13 0:00 0:00
Vyacheslav Kozlov 1 0 1 0 0 14 3 0 0 1 2/3 22:02 2:54 0:00
Willie Mitchell 0 0 0 0 0 1 0 3 0 2 0/0 26:02 3:19 0:00
3 Stars
1 - Milan Bartovic (Min)
2 - Vyacheslav Kozlov (Min)
3 - Philippe Sauvé (Tex)
Power Play
Little Stars - 1 on 1 Attempt(s) - 100,00%
Wolves - 0 on 3 Attempt(s) - 0,00%
Penalty Kill
Little Stars - 3 on 3 Attempt(s) - 100,00%
- Score 0 goal in Penalty Kill
Wolves - 0 on 1 Attempt(s) - 0,00%
- Score 0 goal in Penalty Kill
Official
Referees : McCauley Wes and Marouelli Dan
Linesman : Scott Cherrey and Brian Murphy
Game Notes
No Game Note
Little Stars
5 vs 5 Forward
Center Left Wing Right Wing Time % Phy DF OF
1 Patrick O'Sullivan Greg Stewart Jack Skille 40 1 2 2
2 Krys Kolanos Steve Regier Hugh Jessiman 30 1 2 2
3 Cody Bass Oskar Osala Matt D'Agostini 20 1 2 2
4 Yanick Lehoux Brad Isbister Troy Bodie 10 1 2 2
5 vs 5 Defense
Defense Defense Time % Phy DF OF
1 Boris Valabik Tim Ramholt 40 1 2 2
2 Clay Wilson Tyler Eckford 30 1 2 2
3 Matt Pelech Jonathan Blum 20 1 2 2
4 Boris Valabik Tim Ramholt 10 1 2 2
PowerPlay Forward
Center Left Wing Right Wing Time % Phy DF OF
1 Patrick O'Sullivan Greg Stewart Jack Skille 60 1 2 2
2 Krys Kolanos Steve Regier Troy Bodie 40 1 2 2
PowerPlay Defense
Defense Defense Time % Phy DF OF
1 Boris Valabik Tim Ramholt 60 1 2 2
2 Clay Wilson Tyler Eckford 40 1 2 2
Penalty Kill 4 Players Forward
Center Wing Time % Phy DF OF
1 Krys Kolanos Greg Stewart 60 1 2 2
2 Patrick O'Sullivan Steve Regier 40 1 2 2
Penalty Kill 4 Players Defense
Defense Defense Time % Phy DF OF
1 Boris Valabik Tim Ramholt 60 1 2 2
2 Clay Wilson Tyler Eckford 40 1 2 2
Penalty Kill - 3 Players Forward
Forward Time % Phy DF OF
1 Greg Stewart 60 1 2 2
2 Steve Regier 40 1 2 2
Penalty Kill - 3 Players Defense
Defense Defense Time % Phy DF OF
1 Boris Valabik Tim Ramholt 60 1 2 2
2 Clay Wilson Tyler Eckford 40 1 2 2
4 vs 4 Forward
Center Wing Time % Phy DF OF
1 Patrick O'Sullivan Greg Stewart 60 1 2 2
2 Krys Kolanos Steve Regier 40 1 2 2
4 vs 4 Defense
Defense Defense Time % Phy DF OF
1 Boris Valabik Tim Ramholt 60 1 2 2
2 Clay Wilson Tyler Eckford 40 1 2 2
Last Minutes Offensive
Center Left Wing Right Wing Defense Defense
Patrick O'Sullivan Steve Regier Jack Skille Boris Valabik Tim Ramholt
Last Minutes Defensive
Center Left Wing Right Wing Defense Defense
Krys Kolanos Greg Stewart Hugh Jessiman Boris Valabik Tim Ramholt
Goaltenders
Starting : Philippe Sauvé
Backup : Justin Pogge
Extra Forwards
Normal : Krys Kolanos, Oskar Osala, Cody Bass - PP : Krys Kolanos, Oskar Osala - PK : Krys Kolanos
Extra Defensemen
Normal : Tyler Eckford, Matt Pelech, Boris Valabik - PP : Tyler Eckford - PK : Clay Wilson, Matt Pelech
Penalty Shots
Patrick O'Sullivan, Steve Regier, Krys Kolanos, Cody Bass, Greg Stewart
Wolves
5 vs 5 Forward
Center Left Wing Right Wing Time % Phy DF OF
1 Rich Peverley Vyacheslav Kozlov Alexander Perezhogin 40 0 1 4
2 Mike Zigomanis Geoff Sanderson Chris Neil 30 0 2 3
3 Nathan Davis Ethan Moreau Milan Bartovic 20 0 2 3
4 Petr Kalus Geoff Paukovich Tim Crowder 10 0 2 3
5 vs 5 Defense
Defense Defense Time % Phy DF OF
1 Willie Mitchell Philippe Boucher 40 0 3 2
2 Bruno Gervais Matt Gilroy 30 0 3 2
3 Marc Methot Jonas Junland 20 0 3 2
4 Willie Mitchell Philippe Boucher 10 0 3 2
PowerPlay Forward
Center Left Wing Right Wing Time % Phy DF OF
1 Rich Peverley Vyacheslav Kozlov Alexander Perezhogin 60 0 0 5
2 Mike Zigomanis Geoff Sanderson Chris Neil 40 0 0 5
PowerPlay Defense
Defense Defense Time % Phy DF OF
1 Willie Mitchell Philippe Boucher 60 0 1 4
2 Bruno Gervais Matt Gilroy 40 0 1 4
Penalty Kill 4 Players Forward
Center Wing Time % Phy DF OF
1 Chris Neil Ethan Moreau 60 0 4 1
2 Mike Zigomanis Milan Bartovic 40 0 4 1
Penalty Kill 4 Players Defense
Defense Defense Time % Phy DF OF
1 Bruno Gervais Matt Gilroy 60 1 4 0
2 Marc Methot Philippe Boucher 40 1 4 0
Penalty Kill - 3 Players Forward
Forward Time % Phy DF OF
1 Ethan Moreau 60 0 5 0
2 Milan Bartovic 40 0 5 0
Penalty Kill - 3 Players Defense
Defense Defense Time % Phy DF OF
1 Bruno Gervais Matt Gilroy 60 1 4 0
2 Marc Methot Willie Mitchell 40 1 4 0
4 vs 4 Forward
Center Wing Time % Phy DF OF
1 Rich Peverley Vyacheslav Kozlov 60 0 2 3
2 Alexander Perezhogin Geoff Sanderson 40 0 2 3
4 vs 4 Defense
Defense Defense Time % Phy DF OF
1 Willie Mitchell Philippe Boucher 60 0 3 2
2 Bruno Gervais Matt Gilroy 40 0 3 2
Last Minutes Offensive
Center Left Wing Right Wing Defense Defense
Rich Peverley Vyacheslav Kozlov Alexander Perezhogin Willie Mitchell Philippe Boucher
Last Minutes Defensive
Center Left Wing Right Wing Defense Defense
Mike Zigomanis Ethan Moreau Chris Neil Willie Mitchell Philippe Boucher
Goaltenders
Starting : Julien Ellis
Backup : Loïc Lacasse
Extra Forwards
Normal : Vyacheslav Kozlov, Alexander Perezhogin, Geoff Sanderson - PP : Vyacheslav Kozlov, Alexander Perezhogin - PK : Ethan Moreau
Extra Defensemen
Normal : Philippe Boucher, Willie Mitchell, Bruno Gervais - PP : Philippe Boucher - PK : Willie Mitchell, Bruno Gervais
Penalty Shots
Chris Neil, Vyacheslav Kozlov, Geoff Sanderson, Rich Peverley, Ethan Moreau
% Time on Ice - Little Stars
Lines # - Real PCT - Wanted PCT - Time Play
Normal Forward
1 - 36% - 40% - 17:59
2 - 26% - 30% - 13:02
3 - 25% - 20% - 12:26
4 - 14% - 10% - 7:06
Normal Defense
1 - 37% - 40% - 18:44
2 - 30% - 30% - 15:01
3 - 24% - 20% - 12:05
4 - 9% - 10% - 4:43
PP Forward
1 - 58% - 60% - 0:19
2 - 42% - 40% - 0:14
PP Defense
1 - 100% - 60% - 0:33
2 - 0% - 40% - 0:00
PK Forward
1 - 89% - 60% - 5:18
2 - 11% - 40% - 0:39
PK Defense
1 - 59% - 60% - 3:31
2 - 41% - 40% - 2:26
PK3 Forward
1 - 0% - 60%
2 - 0% - 40%
PK3 Defense
1 - 0% - 60%
2 - 0% - 40%
44 Forward
1 - 71% - 60% - 1:24
2 - 29% - 40% - 0:35
44 Defense
1 - 55% - 60% - 1:05
2 - 45% - 40% - 0:54
Last Minute Offensive - 0:00
Last Minute Defensive - 0:58
Total
Forward - 60:00
Defense - 60:00
|
% Time on Ice - Wolves
Lines # - Real PCT - Wanted PCT - Time Play
Normal Forward
1 - 34% - 40% - 17:21
2 - 26% - 30% - 13:21
3 - 23% - 20% - 11:35
4 - 16% - 10% - 8:13
Normal Defense
1 - 37% - 40% - 18:55
2 - 33% - 30% - 16:31
3 - 26% - 20% - 13:04
4 - 4% - 10% - 2:00
PP Forward
1 - 54% - 60% - 3:12
2 - 46% - 40% - 2:45
PP Defense
1 - 56% - 60% - 3:19
2 - 44% - 40% - 2:38
PK Forward
1 - 100% - 60% - 0:33
2 - 0% - 40% - 0:00
PK Defense
1 - 100% - 60% - 0:33
2 - 0% - 40% - 0:00
PK3 Forward
1 - 0% - 60%
2 - 0% - 40%
PK3 Defense
1 - 0% - 60%
2 - 0% - 40%
44 Forward
1 - 82% - 60% - 1:38
2 - 18% - 40% - 0:21
44 Defense
1 - 55% - 60% - 1:06
2 - 45% - 40% - 0:53
Last Minute Offensive - 1:01
Last Minute Defensive - 0:00
Total
Forward - 60:00
Defense - 60:00
|
Play by Play
1st period
0:01 of 1st period - Rich Peverley wins face-off versus Patrick O'Sullivan in neutral zone.
0:19 of 1st period - Boris Valabik is hit by Rich Peverley and loses puck.
1:02 of 1st period - Wrist shot by Milan Bartovic.
1:02 of 1st period - Shot Hit the Post.
1:16 of 1st period - Snap shot by Brad Isbister.
1:16 of 1st period - Shot Blocked by Tim Crowder.
1:22 of 1st period - Snap shot by Brad Isbister.
1:22 of 1st period - Shot Misses the Net.
2:03 of 1st period - Chris Neil is hit by Clay Wilson.
2:22 of 1st period - Snap shot by Oskar Osala.
2:22 of 1st period - Stopped by Julien Ellis with a rebound.
2:24 of 1st period - Slapshot by Clay Wilson.
2:24 of 1st period - Stopped by Julien Ellis without a rebound.
2:25 of 1st period - Krys Kolanos wins face-off versus Rich Peverley in Wolves zone.
2:48 of 1st period - Krys Kolanos is hit by Vyacheslav Kozlov and loses puck.
2:57 of 1st period - Wrist shot by Alexander Perezhogin.
2:57 of 1st period - Stopped by Philippe Sauvé without a rebound.
2:58 of 1st period - Patrick O'Sullivan wins face-off versus Mike Zigomanis in Little Stars zone.
3:09 of 1st period - Chris Neil is hit by Patrick O'Sullivan and loses puck.
3:21 of 1st period - Icing by Mike Zigomanis.
3:22 of 1st period - Nathan Davis wins face-off versus Cody Bass in Wolves zone.
3:48 of 1st period - Rich Peverley is hit by Boris Valabik and loses puck.
4:15 of 1st period - Slapshot by Krys Kolanos.
4:15 of 1st period - Stopped by Julien Ellis with a rebound.
5:29 of 1st period - Slapshot by Matt D'Agostini.
5:29 of 1st period - Stopped by Julien Ellis with a rebound.
5:39 of 1st period - Snap shot by Oskar Osala.
5:39 of 1st period - Shot Blocked by Philippe Boucher.
5:41 of 1st period - Wrist shot by Matt D'Agostini.
5:41 of 1st period - Shot Blocked by Willie Mitchell.
5:43 of 1st period - Slapshot by Tim Ramholt.
5:43 of 1st period - Stopped by Julien Ellis with a rebound.
6:02 of 1st period - Snap shot by Oskar Osala.
6:02 of 1st period - Shot Misses the Net.
6:04 of 1st period - Wrist shot by Oskar Osala.
6:04 of 1st period - Stopped by Julien Ellis without a rebound.
6:05 of 1st period - Rich Peverley wins face-off versus Patrick O'Sullivan in Wolves zone.
6:16 of 1st period - Snap shot by Greg Stewart.
6:16 of 1st period - Shot Misses the Net.
6:39 of 1st period - Slapshot by Geoff Sanderson.
6:39 of 1st period - Deflect By Steve Regier.
6:39 of 1st period - Shot Blocked by Krys Kolanos.
6:39 of 1st period - Puck is out of play.
6:40 of 1st period - Patrick O'Sullivan wins face-off versus Rich Peverley in Little Stars zone.
6:51 of 1st period - Snap shot by Vyacheslav Kozlov.
6:51 of 1st period - Stopped by Philippe Sauvé with a rebound.
7:13 of 1st period - Wrist shot by Jack Skille.
7:13 of 1st period - Shot Misses the Net.
7:21 of 1st period - Snap shot by Jack Skille.
7:21 of 1st period - Shot Misses the Net.
7:29 of 1st period - Snap shot by Vyacheslav Kozlov.
7:29 of 1st period - Shot Blocked by Clay Wilson.
7:53 of 1st period - Wrist shot by Jack Skille.
7:53 of 1st period - Goal by Jack Skille - Little Stars : 1 - Wolves : 0.
7:54 of 1st period - Mike Zigomanis wins face-off versus Krys Kolanos in neutral zone.
7:59 of 1st period - Icing by Tim Ramholt.
8:00 of 1st period - Krys Kolanos wins face-off versus Mike Zigomanis in Little Stars zone.
8:09 of 1st period - Snap shot by Steve Regier.
8:09 of 1st period - Shot Misses the Net.
8:11 of 1st period - Slapshot by Tim Ramholt.
8:11 of 1st period - Deflect By Krys Kolanos.
8:11 of 1st period - Shot Blocked by Mike Zigomanis.
8:11 of 1st period - Puck is out of play.
8:12 of 1st period - Krys Kolanos wins face-off versus Mike Zigomanis in Wolves zone.
9:11 of 1st period - Backhand shot by Yanick Lehoux.
9:11 of 1st period - Deflect By Brad Isbister.
9:11 of 1st period - Stopped by Julien Ellis with a rebound.
9:25 of 1st period - Wrist shot by Philippe Boucher.
9:25 of 1st period - Shot Misses the Net.
9:42 of 1st period - Off-side.
9:43 of 1st period - Mike Zigomanis wins face-off versus Patrick O'Sullivan in neutral zone.
9:52 of 1st period - Wrist shot by Chris Neil.
9:52 of 1st period - Deflect By Geoff Sanderson.
9:52 of 1st period - Shot Misses the Net.
9:52 of 1st period - Puck is out of play.
9:53 of 1st period - Rich Peverley wins face-off versus Krys Kolanos in Little Stars zone.
9:54 of 1st period - Wrist shot by Vyacheslav Kozlov.
9:54 of 1st period - Stopped by Philippe Sauvé with a rebound.
9:56 of 1st period - Slapshot by Matt Gilroy.
9:56 of 1st period - Stopped by Philippe Sauvé without a rebound.
9:57 of 1st period - Rich Peverley wins face-off versus Krys Kolanos in Little Stars zone.
9:58 of 1st period - Wrist shot by Vyacheslav Kozlov.
9:58 of 1st period - Stopped by Philippe Sauvé without a rebound.
9:59 of 1st period - Rich Peverley wins face-off versus Krys Kolanos in Little Stars zone.
10:02 of 1st period - Slapshot by Vyacheslav Kozlov.
10:02 of 1st period - Stopped by Philippe Sauvé with a rebound.
10:04 of 1st period - Snap shot by Vyacheslav Kozlov.
10:04 of 1st period - Stopped by Philippe Sauvé with a rebound.
10:12 of 1st period - Wrist shot by Vyacheslav Kozlov.
10:12 of 1st period - Deflect By Steve Regier.
10:12 of 1st period - Stopped by Philippe Sauvé without a rebound.
10:13 of 1st period - Mike Zigomanis wins face-off versus Patrick O'Sullivan in Little Stars zone.
10:14 of 1st period - Snap shot by Geoff Sanderson.
10:14 of 1st period - Stopped by Philippe Sauvé without a rebound.
10:15 of 1st period - Mike Zigomanis wins face-off versus Patrick O'Sullivan in Little Stars zone.
10:25 of 1st period - Greg Stewart is hit by Chris Neil and loses puck.
11:00 of 1st period - Vyacheslav Kozlov is hit by Tim Ramholt and loses puck.
11:09 of 1st period - Wrist shot by Steve Regier.
11:09 of 1st period - Shot Misses the Net.
11:17 of 1st period - Slapshot by Rich Peverley.
11:17 of 1st period - Deflect By Vyacheslav Kozlov.
11:17 of 1st period - Deflect By Tim Ramholt.
11:17 of 1st period - Shot Misses the Net.
11:17 of 1st period - Puck is out of play.
11:18 of 1st period - Patrick O'Sullivan wins face-off versus Mike Zigomanis in Little Stars zone.
11:18 of 1st period - Patrick O'Sullivan is hit by Philippe Boucher.
11:49 of 1st period - Petr Kalus is hit by Tyler Eckford and loses puck.
12:08 of 1st period - Marc Methot is hit by Cody Bass and loses puck.
12:28 of 1st period - Wrist shot by Krys Kolanos.
12:28 of 1st period - Shot Hit the Post.
13:12 of 1st period - Slapshot by Ethan Moreau.
13:12 of 1st period - Deflect By Boris Valabik.
13:12 of 1st period - Shot Misses the Net.
13:12 of 1st period - Puck is out of play.
13:13 of 1st period - Rich Peverley wins face-off versus Patrick O'Sullivan in Little Stars zone.
13:23 of 1st period - Minor Penalty to Marc Methot for Tripping.
13:23 of 1st period - Minor Penalty to Matt Pelech for Holding.
13:24 of 1st period - Rich Peverley wins face-off versus Patrick O'Sullivan in Little Stars zone.
13:25 of 1st period - Wrist shot by Vyacheslav Kozlov.
13:25 of 1st period - Stopped by Philippe Sauvé with a rebound.
13:31 of 1st period - Philippe Boucher is hit by Greg Stewart and loses puck.
14:14 of 1st period - Snap shot by Alexander Perezhogin.
14:14 of 1st period - Shot Misses the Net.
14:56 of 1st period - Philippe Boucher is hit by Tim Ramholt and loses puck.
15:23 of 1st period - Penalty to Marc Methot is over, Marc Methot is back on ice.
15:23 of 1st period - Penalty to Matt Pelech is over, Matt Pelech is back on ice.
15:28 of 1st period - Matt Pelech is hit by Geoff Paukovich and loses puck.
15:41 of 1st period - Wrist shot by Brad Isbister.
15:41 of 1st period - Shot Blocked by Jonas Junland.
15:43 of 1st period - Slapshot by Tim Ramholt.
15:43 of 1st period - Stopped by Julien Ellis with a rebound.
15:45 of 1st period - Wrist shot by Matt Pelech.
15:45 of 1st period - Shot Blocked by Jonas Junland.
15:47 of 1st period - Slapshot by Boris Valabik.
15:47 of 1st period - Deflect By Brad Isbister.
15:47 of 1st period - Shot Blocked by Marc Methot.
15:47 of 1st period - Puck is out of play.
15:48 of 1st period - Mike Zigomanis wins face-off versus Krys Kolanos in Wolves zone.
15:57 of 1st period - Wrist shot by Krys Kolanos.
15:57 of 1st period - Shot Blocked by Matt Gilroy.
16:02 of 1st period - Off-side.
16:03 of 1st period - Rich Peverley wins face-off versus Patrick O'Sullivan in neutral zone.
16:05 of 1st period - Off-side.
16:06 of 1st period - Vyacheslav Kozlov wins face-off versus Patrick O'Sullivan in neutral zone.
16:09 of 1st period - Slapshot by Philippe Boucher.
16:09 of 1st period - Stopped by Philippe Sauvé with a rebound.
16:11 of 1st period - Snap shot by Rich Peverley.
16:11 of 1st period - Stopped by Philippe Sauvé with a rebound.
16:13 of 1st period - Snap shot by Rich Peverley.
16:13 of 1st period - Stopped by Philippe Sauvé with a rebound.
16:32 of 1st period - Off-side.
16:33 of 1st period - Mike Zigomanis wins face-off versus Krys Kolanos in neutral zone.
16:58 of 1st period - Matt Gilroy is hit by Greg Stewart and loses puck.
17:23 of 1st period - Slapshot by Cody Bass.
17:23 of 1st period - Stopped by Julien Ellis without a rebound.
17:24 of 1st period - Petr Kalus wins face-off versus Cody Bass in Wolves zone.
18:02 of 1st period - Slapshot by Boris Valabik.
18:02 of 1st period - Stopped by Julien Ellis without a rebound.
18:03 of 1st period - Rich Peverley wins face-off versus Jack Skille in Wolves zone.
18:03 of 1st period - Rich Peverley is hit by Patrick O'Sullivan.
18:29 of 1st period - Snap shot by Ethan Moreau.
18:29 of 1st period - Stopped by Philippe Sauvé without a rebound.
18:30 of 1st period - Nathan Davis wins face-off versus Krys Kolanos in Little Stars zone.
18:31 of 1st period - Wrist shot by Milan Bartovic.
18:31 of 1st period - Goal by Milan Bartovic - Little Stars : 1 - Wolves : 1.
18:32 of 1st period - Rich Peverley wins face-off versus Patrick O'Sullivan in neutral zone.
18:41 of 1st period - Snap shot by Rich Peverley.
18:41 of 1st period - Stopped by Philippe Sauvé with a rebound.
18:43 of 1st period - Snap shot by Vyacheslav Kozlov.
18:43 of 1st period - Stopped by Philippe Sauvé without a rebound.
18:44 of 1st period - Mike Zigomanis wins face-off versus Krys Kolanos in Little Stars zone.
19:09 of 1st period - Snap shot by Greg Stewart.
19:09 of 1st period - Shot Misses the Net.
19:11 of 1st period - Wrist shot by Greg Stewart.
19:11 of 1st period - Shot Misses the Net.
19:13 of 1st period - Snap shot by Greg Stewart.
19:13 of 1st period - Shot Misses the Net.
19:15 of 1st period - Snap shot by Jack Skille.
19:15 of 1st period - Stopped by Julien Ellis without a rebound.
19:16 of 1st period - Vyacheslav Kozlov wins face-off versus Patrick O'Sullivan in Wolves zone.
2nd period
0:01 of 2nd period - Krys Kolanos wins face-off versus Mike Zigomanis in neutral zone.
0:04 of 2nd period - Slapshot by Steve Regier.
0:04 of 2nd period - Shot Misses the Net.
0:06 of 2nd period - Snap shot by Tim Ramholt.
0:06 of 2nd period - Shot Blocked by Willie Mitchell.
0:08 of 2nd period - Slapshot by Tim Ramholt.
0:08 of 2nd period - Deflect By Willie Mitchell.
0:08 of 2nd period - Stopped by Julien Ellis without a rebound.
0:09 of 2nd period - Krys Kolanos wins face-off versus Mike Zigomanis in Wolves zone.
0:23 of 2nd period - Off-side.
0:24 of 2nd period - Patrick O'Sullivan wins face-off versus Vyacheslav Kozlov in neutral zone.
0:30 of 2nd period - Minor Penalty to Boris Valabik for Tripping.
0:31 of 2nd period - Greg Stewart wins face-off versus Rich Peverley in Little Stars zone.
2:30 of 2nd period - Penalty to Boris Valabik is over, Boris Valabik is back on ice.
3:47 of 2nd period - Snap shot by Jack Skille.
3:47 of 2nd period - Shot Blocked by Marc Methot.
4:02 of 2nd period - Yanick Lehoux is hit by Vyacheslav Kozlov and loses puck.
4:26 of 2nd period - Snap shot by Hugh Jessiman.
4:26 of 2nd period - Stopped by Julien Ellis without a rebound.
4:27 of 2nd period - Patrick O'Sullivan wins face-off versus Nathan Davis in Wolves zone.
5:05 of 2nd period - Snap shot by Clay Wilson.
5:05 of 2nd period - Stopped by Julien Ellis without a rebound.
5:06 of 2nd period - Rich Peverley wins face-off versus Krys Kolanos in Wolves zone.
5:06 of 2nd period - Rich Peverley is hit by Krys Kolanos.
6:15 of 2nd period - Wrist shot by Cody Bass.
6:15 of 2nd period - Shot Misses the Net.
6:17 of 2nd period - Snap shot by Matt D'Agostini.
6:17 of 2nd period - Deflect By Oskar Osala.
6:17 of 2nd period - Stopped by Julien Ellis with a rebound.
6:19 of 2nd period - Wrist shot by Cody Bass.
6:19 of 2nd period - Shot Misses the Net.
6:21 of 2nd period - Snap shot by Cody Bass.
6:21 of 2nd period - Shot Blocked by Jonas Junland.
6:52 of 2nd period - Slapshot by Matt Pelech.
6:52 of 2nd period - Deflect By Jonas Junland.
6:52 of 2nd period - Goal by Matt Pelech - Little Stars : 2 - Wolves : 1.
6:53 of 2nd period - Rich Peverley wins face-off versus Hugh Jessiman in neutral zone.
7:07 of 2nd period - Snap shot by Hugh Jessiman.
7:07 of 2nd period - Shot Blocked by Willie Mitchell.
7:19 of 2nd period - Patrick O'Sullivan is hit by Chris Neil and loses puck.
7:44 of 2nd period - Snap shot by Ethan Moreau.
7:44 of 2nd period - Shot Blocked by Tyler Eckford.
7:46 of 2nd period - Slapshot by Marc Methot.
7:46 of 2nd period - Stopped by Philippe Sauvé without a rebound.
7:47 of 2nd period - Patrick O'Sullivan wins face-off versus Alexander Perezhogin in Little Stars zone.
7:57 of 2nd period - Patrick O'Sullivan is hit by Marc Methot.
8:01 of 2nd period - Wrist shot by Vyacheslav Kozlov.
8:01 of 2nd period - Stopped by Philippe Sauvé with a rebound.
8:03 of 2nd period - Slapshot by Vyacheslav Kozlov.
8:03 of 2nd period - Stopped by Philippe Sauvé without a rebound.
8:04 of 2nd period - Steve Regier wins face-off versus Mike Zigomanis in Little Stars zone.
8:29 of 2nd period - Philippe Boucher is hit by Tim Ramholt.
8:57 of 2nd period - Backhand shot by Geoff Sanderson.
8:57 of 2nd period - Deflect By Oskar Osala.
8:57 of 2nd period - Stopped by Philippe Sauvé without a rebound.
8:58 of 2nd period - Rich Peverley wins face-off versus Patrick O'Sullivan in Little Stars zone.
9:05 of 2nd period - Wrist shot by Vyacheslav Kozlov.
9:05 of 2nd period - Goal by Vyacheslav Kozlov - Little Stars : 2 - Wolves : 2.
9:06 of 2nd period - Rich Peverley wins face-off versus Patrick O'Sullivan in neutral zone.
10:27 of 2nd period - Snap shot by Rich Peverley.
10:27 of 2nd period - Stopped by Philippe Sauvé with a rebound.
10:55 of 2nd period - Matt D'Agostini is hit by Rich Peverley and loses puck.
11:33 of 2nd period - Slapshot by Vyacheslav Kozlov.
11:33 of 2nd period - Stopped by Philippe Sauvé with a rebound.
11:43 of 2nd period - Rich Peverley is hit by Matt D'Agostini and loses puck.
11:48 of 2nd period - Snap shot by Oskar Osala.
11:48 of 2nd period - Shot Misses the Net.
12:00 of 2nd period - Matt D'Agostini is hit by Alexander Perezhogin and loses puck.
12:13 of 2nd period - Snap shot by Oskar Osala.
12:13 of 2nd period - Stopped by Julien Ellis with a rebound.
12:15 of 2nd period - Slapshot by Tim Ramholt.
12:15 of 2nd period - Deflect By Rich Peverley.
12:15 of 2nd period - Stopped by Julien Ellis without a rebound.
12:16 of 2nd period - Mike Zigomanis wins face-off versus Patrick O'Sullivan in Wolves zone.
12:21 of 2nd period - Snap shot by Chris Neil.
12:21 of 2nd period - Stopped by Philippe Sauvé with a rebound.
12:23 of 2nd period - Slapshot by Philippe Boucher.
12:23 of 2nd period - Deflect By Chris Neil.
12:23 of 2nd period - Shot Blocked by Patrick O'Sullivan.
12:23 of 2nd period - Puck is out of play.
12:24 of 2nd period - Mike Zigomanis wins face-off versus Patrick O'Sullivan in Little Stars zone.
12:35 of 2nd period - Snap shot by Patrick O'Sullivan.
12:35 of 2nd period - Shot Misses the Net.
13:30 of 2nd period - Slapshot by Clay Wilson.
13:30 of 2nd period - Shot Misses the Net.
13:56 of 2nd period - Snap shot by Steve Regier.
13:56 of 2nd period - Stopped by Julien Ellis with a rebound.
14:10 of 2nd period - Snap shot by Willie Mitchell.
14:10 of 2nd period - Shot Blocked by Yanick Lehoux.
16:40 of 2nd period - Yanick Lehoux is hit by Geoff Paukovich and loses puck.
16:47 of 2nd period - Bruno Gervais is hit by Yanick Lehoux and loses puck.
17:43 of 2nd period - Icing by Clay Wilson.
17:44 of 2nd period - Brad Isbister wins face-off versus Nathan Davis in Little Stars zone.
18:15 of 2nd period - Tyler Eckford is hit by Tim Crowder and loses puck.
18:59 of 2nd period - Off-side.
19:00 of 2nd period - Yanick Lehoux wins face-off versus Rich Peverley in neutral zone.
19:09 of 2nd period - Snap shot by Yanick Lehoux.
19:09 of 2nd period - Shot Misses the Net.
19:11 of 2nd period - Slapshot by Troy Bodie.
19:11 of 2nd period - Deflect By Rich Peverley.
19:11 of 2nd period - Stopped by Julien Ellis with a rebound.
19:13 of 2nd period - Snap shot by Troy Bodie.
19:13 of 2nd period - Deflect By Brad Isbister.
19:13 of 2nd period - Shot Misses the Net.
19:13 of 2nd period - Puck is out of play.
19:14 of 2nd period - Patrick O'Sullivan wins face-off versus Mike Zigomanis in Wolves zone.
19:17 of 2nd period - Snap shot by Greg Stewart.
19:17 of 2nd period - Stopped by Julien Ellis without a rebound.
19:18 of 2nd period - Mike Zigomanis wins face-off versus Patrick O'Sullivan in Wolves zone.
19:45 of 2nd period - Hugh Jessiman is hit by Rich Peverley and loses puck.
3rd period
0:01 of 3rd period - Patrick O'Sullivan wins face-off versus Rich Peverley in neutral zone.
0:07 of 3rd period - Icing by Rich Peverley.
0:08 of 3rd period - Rich Peverley wins face-off versus Patrick O'Sullivan in Wolves zone.
0:13 of 3rd period - Snap shot by Vyacheslav Kozlov.
0:13 of 3rd period - Stopped by Philippe Sauvé without a rebound.
0:14 of 3rd period - Rich Peverley wins face-off versus Patrick O'Sullivan in Little Stars zone.
1:01 of 3rd period - Slapshot by Boris Valabik.
1:01 of 3rd period - Shot Blocked by Nathan Davis.
1:03 of 3rd period - Snap shot by Brad Isbister.
1:03 of 3rd period - Shot Misses the Net.
2:04 of 3rd period - Slapshot by Steve Regier.
2:04 of 3rd period - Shot Misses the Net.
2:40 of 3rd period - Oskar Osala is hit by Philippe Boucher and loses puck.
2:50 of 3rd period - Slapshot by Jonathan Blum.
2:50 of 3rd period - Stopped by Julien Ellis without a rebound.
2:51 of 3rd period - Patrick O'Sullivan wins face-off versus Rich Peverley in Wolves zone.
3:16 of 3rd period - Hugh Jessiman is hit by Mike Zigomanis and loses puck.
3:37 of 3rd period - Willie Mitchell is hit by Cody Bass and loses puck.
3:44 of 3rd period - Oskar Osala is hit by Milan Bartovic and loses puck.
4:16 of 3rd period - Patrick O'Sullivan is hit by Alexander Perezhogin and loses puck.
4:37 of 3rd period - Snap shot by Steve Regier.
4:37 of 3rd period - Deflect By Hugh Jessiman.
4:37 of 3rd period - Shot Misses the Net.
4:37 of 3rd period - Puck is out of play.
4:38 of 3rd period - Krys Kolanos wins face-off versus Chris Neil in Wolves zone.
4:39 of 3rd period - Wrist shot by Steve Regier.
4:39 of 3rd period - Shot Misses the Net.
5:30 of 3rd period - Wrist shot by Milan Bartovic.
5:30 of 3rd period - Shot Misses the Net.
5:47 of 3rd period - Minor Penalty to Petr Kalus for Slashing.
5:48 of 3rd period - Jack Skille wins face-off versus Chris Neil in Wolves zone.
6:18 of 3rd period - Snap shot by Krys Kolanos.
6:18 of 3rd period - Shot Blocked by Matt Gilroy.
6:20 of 3rd period - Slapshot by Troy Bodie.
6:20 of 3rd period - Goal by Troy Bodie - Little Stars : 3 - Wolves : 2.
6:21 of 3rd period - Rich Peverley wins face-off versus Patrick O'Sullivan in neutral zone.
7:17 of 3rd period - Slapshot by Boris Valabik.
7:17 of 3rd period - Shot Misses the Net.
7:19 of 3rd period - Snap shot by Oskar Osala.
7:19 of 3rd period - Stopped by Julien Ellis with a rebound.
7:53 of 3rd period - Minor Penalty to Greg Stewart for Roughing.
7:54 of 3rd period - Krys Kolanos wins face-off versus Rich Peverley in Little Stars zone.
8:30 of 3rd period - Slapshot by Geoff Sanderson.
8:30 of 3rd period - Shot Misses the Net.
9:23 of 3rd period - Tim Ramholt is hit by Vyacheslav Kozlov and loses puck.
9:53 of 3rd period - Penalty to Greg Stewart is over, Greg Stewart is back on ice.
9:58 of 3rd period - Matt Pelech is hit by Milan Bartovic and loses puck.
10:00 of 3rd period - Minor Penalty to Greg Stewart for High sticking.
10:01 of 3rd period - Krys Kolanos wins face-off versus Rich Peverley in Little Stars zone.
10:24 of 3rd period - Brad Isbister is hit by Chris Neil and loses puck.
11:27 of 3rd period - Bruno Gervais is hit by Boris Valabik and loses puck.
12:00 of 3rd period - Penalty to Greg Stewart is over, Greg Stewart is back on ice.
12:17 of 3rd period - Slapshot by Bruno Gervais.
12:17 of 3rd period - Shot Misses the Net.
13:01 of 3rd period - Tim Crowder is hit by Boris Valabik and loses puck.
13:12 of 3rd period - Geoff Paukovich is hit by Hugh Jessiman and loses puck.
13:42 of 3rd period - Off-side.
13:43 of 3rd period - Patrick O'Sullivan wins face-off versus Nathan Davis in neutral zone.
13:45 of 3rd period - Off-side.
13:46 of 3rd period - Nathan Davis wins face-off versus Patrick O'Sullivan in neutral zone.
13:53 of 3rd period - Snap shot by Milan Bartovic.
13:53 of 3rd period - Stopped by Philippe Sauvé without a rebound.
13:54 of 3rd period - Patrick O'Sullivan wins face-off versus Rich Peverley in Little Stars zone.
14:19 of 3rd period - Geoff Sanderson is hit by Hugh Jessiman and loses puck.
14:25 of 3rd period - Icing by Willie Mitchell.
14:26 of 3rd period - Mike Zigomanis wins face-off versus Krys Kolanos in Wolves zone.
14:30 of 3rd period - Icing by Willie Mitchell.
14:31 of 3rd period - Patrick O'Sullivan wins face-off versus Mike Zigomanis in Wolves zone.
14:35 of 3rd period - Off-side.
14:36 of 3rd period - Patrick O'Sullivan wins face-off versus Rich Peverley in neutral zone.
14:39 of 3rd period - Philippe Boucher is hit by Greg Stewart and loses puck.
15:02 of 3rd period - Steve Regier is hit by Geoff Sanderson.
15:10 of 3rd period - Slapshot by Chris Neil.
15:10 of 3rd period - Stopped by Philippe Sauvé with a rebound.
15:47 of 3rd period - Slapshot by Vyacheslav Kozlov.
15:47 of 3rd period - Stopped by Philippe Sauvé without a rebound.
15:48 of 3rd period - Rich Peverley wins face-off versus Patrick O'Sullivan in Little Stars zone.
17:01 of 3rd period - Wrist shot by Alexander Perezhogin.
17:01 of 3rd period - Stopped by Philippe Sauvé with a rebound.
17:03 of 3rd period - Wrist shot by Alexander Perezhogin.
17:03 of 3rd period - Stopped by Philippe Sauvé with a rebound.
17:14 of 3rd period - Off-side.
17:15 of 3rd period - Mike Zigomanis wins face-off versus Krys Kolanos in neutral zone.
17:18 of 3rd period - Snap shot by Chris Neil.
17:18 of 3rd period - Stopped by Philippe Sauvé without a rebound.
17:19 of 3rd period - Chris Neil wins face-off versus Krys Kolanos in Little Stars zone.
17:22 of 3rd period - Wrist shot by Chris Neil.
17:22 of 3rd period - Stopped by Philippe Sauvé without a rebound.
17:23 of 3rd period - Nathan Davis wins face-off versus Patrick O'Sullivan in Little Stars zone.
17:28 of 3rd period - Wrist shot by Milan Bartovic.
17:28 of 3rd period - Stopped by Philippe Sauvé without a rebound.
17:29 of 3rd period - Patrick O'Sullivan wins face-off versus Milan Bartovic in Little Stars zone.
17:40 of 3rd period - Patrick O'Sullivan is hit by Nathan Davis and loses puck.
18:20 of 3rd period - Off-side.
18:21 of 3rd period - Mike Zigomanis wins face-off versus Cody Bass in neutral zone.
19:17 of 3rd period - Slapshot by Krys Kolanos.
19:17 of 3rd period - Deflect By Greg Stewart.
19:17 of 3rd period - Stopped by Julien Ellis without a rebound.
19:18 of 3rd period - Peter DeBoer call a timeout for Wolves.
19:18 of 3rd period - Krys Kolanos wins face-off versus Rich Peverley in Wolves zone.
19:25 of 3rd period - Wolves, Julien Ellis is pulled from the net.
19:33 of 3rd period - Snap shot by Rich Peverley.
19:33 of 3rd period - Stopped by Philippe Sauvé with a rebound.
19:35 of 3rd period - Backhand shot by Willie Mitchell.
19:35 of 3rd period - Shot Misses the Net.
19:37 of 3rd period - Wrist shot by Willie Mitchell.
19:37 of 3rd period - Stopped by Philippe Sauvé with a rebound.
19:39 of 3rd period - Snap shot by Rich Peverley.
19:39 of 3rd period - Deflect By Greg Stewart.
19:39 of 3rd period - Shot Misses the Net.
19:39 of 3rd period - Puck is out of play.
19:40 of 3rd period - Rich Peverley wins face-off versus Krys Kolanos in Little Stars zone.
Output by the SimonT Hockey Simulator (STHS) for François Prévost -- Original Page W3C XHTML 1.0 Valid